Unix NetHack Version 5.0.0-0 post-release - last build May  4 2026 22:22:43 (774f63e81ad911689b3a0859ea89b322d5daca8d,branch:main).

Game began 2026-05-07 15:03:11, ended 2026-05-08 10:34:02.

2461479678, lawful female dwarven Cavewoman

          -------------                                            #
          |...........|                                         ---.-----
          |...........|                                  #######........|
         #............|                                 #q      |.......|
         #|....(......|             -------------     ##@       |.%.....|
         #|...........|             |...........-#####`         |.......|
        ##----.--------             |.....>.....|# #############........|
        #     #####                 |...........|####           |..<....|
        #        #                  |...........|# #%#          --.------
        #        #                  ---.---------#   #            ##
        #        ###                   ###########   #             #
  --    #          #       #############    #        #             #
  |%    #        --.----  ## -------------  ?        ###           #
  |!)[  #        |......#####-...........|  #          #           #
  |!!+.-######   |.^...|  #  |...........-###          ######      #
  |[!).      ##  |..^..|  #  |...........|                  # -----|--------
  -----       ###....^.|###  -------------                  # |............|
                 |.`...|                                    ##.............|
                 -------                                      --------------

2461479678 the Aborigine  St:18/02 Dx:13 Co:15 In:12 Wi:11 Ch:8  Lawful
Dlvl:7  $:63 HP:0(48) Pw:18(18) AC:8  Xp:5 T:3914 

Latest messages:
 You kill the giant bat!
 This door is locked.
 This door is locked.
 This door is locked.
 This door is locked.
 In what direction? 4
 As you kick the door, it crashes open!
 You miss the rothe.
 The rothe hits!
 The rothe bites!
 The rothe bites again!
 You hit the rothe!
 The rothe hits!
 The rothe bites!
 The rothe bites again!
 You hit the rothe!
 The rothe hits!
 The rothe bites!
 The rothe bites again!
 You hit the rothe!
 The rothe hits!
 The rothe bites!
 The rothe bites again!
 You hit the rothe!
 You miss the rothe.
 You kill the rothe!
 You see here a rothe corpse.
 The rothe hits!
 The rothe bites!
 The rothe bites again!
 You kill the newt!
 The rothe hits!
 The rothe bites!
 The rothe bites again!
 You see here a newt corpse.
 The rothe hits!
 The rothe bites!
 The rothe just misses!
 The rothe hits!
 The rothe bites!
 The rothe bites again!
 The rothe hits!
 The rothe bites!
 The rothe bites again!
 You die...
 Do you want your possessions identified? [ynq] (y) n
 Do you want to see your attributes? [ynq] (y) n
 Do you want an account of creatures vanquished? [ynaq] (y) n
 Do you want to see your conduct and achievements? [ynq] (y) y
 Do you want to see the dungeon overview? [ynq] (y) n

Inventory:
 Coins    ('$')
  $ - 63 gold pieces
 Weapons  (')')
  b - a +2 sling (alternate weapon; not wielded)
  f - a +0 elven dagger
 Armor    ('[')
  g - an uncursed +1 elven mithril-coat
  e - an uncursed +0 leather armor (being worn)
 Comestibles  ('%')
  n - an uncursed partly eaten lichen corpse
 Tools    ('(')
  j - an uncursed tin whistle
 Gems/Stones  ('*')
  d - 23 uncursed rocks

2461479678 the Cavewoman's attributes:

Background:
 You were an Aborigine, a level 5 dwarven Cavewoman.
 You were lawful, on a mission for Anu
 who was opposed by Ishtar (neutral) and Anshar (chaotic).
 You were right-handed.
 You were in the Dungeons of Doom, on level 7.
 You entered the dungeon 3914 turns ago.
 You had 319 experience points, 1 more was needed to attain level 6.

Basics:
 You had 0 out of 48 hit points.
 You had all 18 energy points (spell power).
 Your armor class was 8.
 Your wallet contained 63 zorkmids.
 Autopickup was off.

Final Characteristics:
 Your strength was 18/02 (limit:18/100).
 Your dexterity was 13 (limit:20).
 Your constitution was 15 (limit:20).
 Your intelligence was 12 (limit:16).
 Your wisdom was 11 (peak:12, limit:16).
 Your charisma was 8 (limit:16).

Final Status:
 You weren't hungry.
 You were unencumbered.
 You were bare handed.
 You had basic skill with bare handed combat.

Final Attributes:
 You were piously aligned.
 You had infravision.
 You were warded.
 You are dead.

Miscellaneous:
 You didn't encounter any bones levels.
 Total elapsed playing time was 2 hours, 15 minutes and 56 seconds.

Major events:
 Turn
    1: 2461479678 the lawful dwarven Cavewoman entered the dungeon
 1330: attained the rank of Aborigine (level 3)
 3914: killed by a rothe

You didn't know any spells.

Skills:
 Fighting Skills
   bare handed combat [Basic]
 Weapon Skills
   dagger             [Unskilled]
   knife              [Unskilled]
   axe                [Unskilled]
   pick-axe           [Unskilled]
   club               [Basic]
   mace               [Unskilled]
   morning star       [Unskilled]
   flail              [Unskilled]
   hammer             [Unskilled]
   quarterstaff       [Unskilled]
   polearms           [Unskilled]
   spear              [Unskilled]
   trident            [Unskilled]
   bow                [Unskilled]
   sling              [Basic]
   boomerang          [Unskilled]
   unicorn horn       [Unskilled]
 Spellcasting Skills
   attack spells      [Unskilled]
   matter spells      [Unskilled]

Voluntary challenges:
 Character rerolling was not enabled.
 You were illiterate.
 You never genocided any monsters.
 You never polymorphed an object.
 You never changed form.
 You used no wishes.
Achievements:
 You entered a shop.
 You attained the rank of Aborigine.

 The Dungeons of Doom: levels 1 to 7
    Level 1:
       A fountain.
    Level 2:
       An armor shop, a fountain.
    Level 3:
       A bookstore.
    Level 4:
    Level 5:
       Many fountains.
    Level 6:
    Level 7: <- You were here.
       Final resting place for
          you, killed by a rothe.


Vanquished creatures:
  a human zombie
 an imp
  2 fog clouds
  a shrieker
  a violet fungus
  2 gnome leaders
  a guardian naga hatchling
  a gray ooze
  2 elf zombies
  a paper golem
  a baby crocodile
  3 giant ants
  2 little dogs
  a floating eye
  a kobold shaman
  a rothe
  a giant bat
  2 gas spores
  3 hobbits
  4 manes
  a large kobold
  a hobgoblin
  a giant rat
  2 brown molds
  a yellow mold
  2 garter snakes
  a gnome zombie
  5 geckos
  7 jackals
  3 kobolds
  a sewer rat
  5 grid bugs
  2 bats
  4 lichens
  5 kobold zombies
  5 newts
78 creatures vanquished.

No species were genocided or became extinct.

Game over:
                       ----------
                      /          \
                     /    REST    \
                    /      IN      \
                   /     PEACE      \
                  /                  \
                  |    2461479678    |
                  |      63 Au       |
                  |   killed by a    |
                  |      rothe       |
                  |                  |
                  |                  |
                  |       2026       |
                 *|     *  *  *      | *
        _________)/\\_//(\/(/\)/\//\/|_)_______

Goodbye 2461479678 the Cavewoman...

You died in The Dungeons of Doom on dungeon level 7 with 1633 points,
and 63 pieces of gold, after 3914 moves.
You were level 5 with a maximum of 48 hit points when you died.

